Workbook

Sheet Summary
A1: Self Storage Income and Expense Tracker
A2: Selected-year indicators calculated from the fictional ledger records.
A3: Reporting Year | B3: =Assumptions!$B$5 | C3: Review As of | D3: =Assumptions!$B$4
A5: Recorded Income | B5: =IFERROR(SUMIFS(Ledger!$F$5:$F$124,Ledger!$D$5:$D$124,"Income",Ledger!$H$5:$H$124,"<>Void",Ledger!$A$5:$A$124,">="&DATE(Assumptions!$B$5,1,1),Ledger!$A$5:$A$124,"<"&DATE(Assumptions!$B$5+1,1,1)),0) | C5: Recorded Expenses | D5: =IFERROR(SUMIFS(Ledger!$F$5:$F$124,Ledger!$D$5:$D$124,"Expense",Ledger!$H$5:$H$124,"<>Void",Ledger!$A$5:$A$124,">="&DATE(Assumptions!$B$5,1,1),Ledger!$A$5:$A$124,"<"&DATE(Assumptions!$B$5+1,1,1)),0) | E5: Net Amount | F5: =IFERROR(B5-D5,0) | G5: Outstanding Items | H5: =IFERROR(COUNTIFS(Ledger!$A$5:$A$124,">="&DATE(Assumptions!$B$5,1,1),Ledger!$A$5:$A$124,"<"&DATE(Assumptions!$B$5+1,1,1),Ledger!$H$5:$H$124,"Open")+COUNTIFS(Ledger!$A$5:$A$124,">="&DATE(Assumptions!$B$5,1,1),Ledger!$A$5:$A$124,"<"&DATE(Assumptions!$B$5+1,1,1),Ledger!$H$5:$H$124,"Past Due")+COUNTIFS(Ledger!$A$5:$A$124,">="&DATE(Assumptions!$B$5,1,1),Ledger!$A$5:$A$124,"<"&DATE(Assumptions!$B$5+1,1,1),Ledger!$H$5:$H$124,"Scheduled"),0)
A7: Recorded Items | B7: =IFERROR(COUNTIFS(Ledger!$A$5:$A$124,">="&DATE(Assumptions!$B$5,1,1),Ledger!$A$5:$A$124,"<"&DATE(Assumptions!$B$5+1,1,1)),0) | C7: Items Needing Review | D7: =IFERROR(COUNTIFS(Ledger!$A$5:$A$124,">="&DATE(Assumptions!$B$5,1,1),Ledger!$A$5:$A$124,"<"&DATE(Assumptions!$B$5+1,1,1),Ledger!$K$5:$K$124,"?*"),0) | E7: Earliest Recorded Period | F7: =IF(COUNT(Ledger!$A$5:$A$124)=0,"",IFERROR(MIN(Ledger!$A$5:$A$124),"")) | G7: Latest Recorded Period | H7: =IF(COUNT(Ledger!$A$5:$A$124)=0,"",IFERROR(MAX(Ledger!$A$5:$A$124),""))
A11: Month | B11: Income | C11: Expenses | D11: Net | F11: Account | G11: Type | H11: Year Total | I11: Entries | X11: Chart Month | Y11: Income | Z11: Expenses | AA11: Net
A12: =DATE(Assumptions!$B$5,1,1) | B12: =IFERROR(SUMIFS(Ledger!$F$5:$F$124,Ledger!$D$5:$D$124,"Income",Ledger!$H$5:$H$124,"<>Void",Ledger!$A$5:$A$124,">="&$A12,Ledger!$A$5:$A$124,"<"&DATE(YEAR($A12),MONTH($A12)+1,1)),0) | C12: =IFERROR(SUMIFS(Ledger!$F$5:$F$124,Ledger!$D$5:$D$124,"Expense",Ledger!$H$5:$H$124,"<>Void",Ledger!$A$5:$A$124,">="&$A12,Ledger!$A$5:$A$124,"<"&DATE(YEAR($A12),MONTH($A12)+1,1)),0) | D12: =IFERROR(B12-C12,0) | F12: =Assumptions!$G$14 | G12: =Assumptions!$H$14 | H12: =IFERROR(SUMIFS(Ledger!$F$5:$F$124,Ledger!$E$5:$E$124,$F12,Ledger!$H$5:$H$124,"<>Void",Ledger!$A$5:$A$124,">="&DATE(Assumptions!$B$5,1,1),Ledger!$A$5:$A$124,"<"&DATE(Assumptions!$B$5+1,1,1)),0) | I12: =IFERROR(COUNTIFS(Ledger!$E$5:$E$124,$F12,Ledger!$H$5:$H$124,"<>Void",Ledger!$A$5:$A$124,">="&DATE(Assumptions!$B$5,1,1),Ledger!$A$5:$A$124,"<"&DATE(Assumptions!$B$5+1,1,1)),0) | X12: =IFERROR(IF(COUNTIFS(Ledger!$A$5:$A$124,">="&$A12,Ledger!$A$5:$A$124,"<"&DATE(Assumptions!$B$5+1,1,1))>0,$A12,""),"") | Y12: =IFERROR(IF($X12="","",$B12),"") | Z12: =IFERROR(IF($X12="","",$C12),"") | AA12: =IFERROR(IF($X12="","",$D12),"")
A13: =DATE(Assumptions!$B$5,2,1) | B13: =IFERROR(SUMIFS(Ledger!$F$5:$F$124,Ledger!$D$5:$D$124,"Income",Ledger!$H$5:$H$124,"<>Void",Ledger!$A$5:$A$124,">="&$A13,Ledger!$A$5:$A$124,"<"&DATE(YEAR($A13),MONTH($A13)+1,1)),0) | C13: =IFERROR(SUMIFS(Ledger!$F$5:$F$124,Ledger!$D$5:$D$124,"Expense",Ledger!$H$5:$H$124,"<>Void",Ledger!$A$5:$A$124,">="&$A13,Ledger!$A$5:$A$124,"<"&DATE(YEAR($A13),MONTH($A13)+1,1)),0) | D13: =IFERROR(B13-C13,0) | F13: =Assumptions!$G$15 | G13: =Assumptions!$H$15 | H13: =IFERROR(SUMIFS(Ledger!$F$5:$F$124,Ledger!$E$5:$E$124,$F13,Ledger!$H$5:$H$124,"<>Void",Ledger!$A$5:$A$124,">="&DATE(Assumptions!$B$5,1,1),Ledger!$A$5:$A$124,"<"&DATE(Assumptions!$B$5+1,1,1)),0) | I13: =IFERROR(COUNTIFS(Ledger!$E$5:$E$124,$F13,Ledger!$H$5:$H$124,"<>Void",Ledger!$A$5:$A$124,">="&DATE(Assumptions!$B$5,1,1),Ledger!$A$5:$A$124,"<"&DATE(Assumptions!$B$5+1,1,1)),0) | X13: =IFERROR(IF(COUNTIFS(Ledger!$A$5:$A$124,">="&$A13,Ledger!$A$5:$A$124,"<"&DATE(Assumptions!$B$5+1,1,1))>0,$A13,""),"") | Y13: =IFERROR(IF($X13="","",$B13),"") | Z13: =IFERROR(IF($X13="","",$C13),"") | AA13: =IFERROR(IF($X13="","",$D13),"")
A14: =DATE(Assumptions!$B$5,3,1) | B14: =IFERROR(SUMIFS(Ledger!$F$5:$F$124,Ledger!$D$5:$D$124,"Income",Ledger!$H$5:$H$124,"<>Void",Ledger!$A$5:$A$124,">="&$A14,Ledger!$A$5:$A$124,"<"&DATE(YEAR($A14),MONTH($A14)+1,1)),0) | C14: =IFERROR(SUMIFS(Ledger!$F$5:$F$124,Ledger!$D$5:$D$124,"Expense",Ledger!$H$5:$H$124,"<>Void",Ledger!$A$5:$A$124,">="&$A14,Ledger!$A$5:$A$124,"<"&DATE(YEAR($A14),MONTH($A14)+1,1)),0) | D14: =IFERROR(B14-C14,0) | F14: =Assumptions!$G$16 | G14: =Assumptions!$H$16 | H14: =IFERROR(SUMIFS(Ledger!$F$5:$F$124,Ledger!$E$5:$E$124,$F14,Ledger!$H$5:$H$124,"<>Void",Ledger!$A$5:$A$124,">="&DATE(Assumptions!$B$5,1,1),Ledger!$A$5:$A$124,"<"&DATE(Assumptions!$B$5+1,1,1)),0) | I14: =IFERROR(COUNTIFS(Ledger!$E$5:$E$124,$F14,Ledger!$H$5:$H$124,"<>Void",Ledger!$A$5:$A$124,">="&DATE(Assumptions!$B$5,1,1),Ledger!$A$5:$A$124,"<"&DATE(Assumptions!$B$5+1,1,1)),0) | X14: =IFERROR(IF(COUNTIFS(Ledger!$A$5:$A$124,">="&$A14,Ledger!$A$5:$A$124,"<"&DATE(Assumptions!$B$5+1,1,1))>0,$A14,""),"") | Y14: =IFERROR(IF($X14="","",$B14),"") | Z14: =IFERROR(IF($X14="","",$C14),"") | AA14: =IFERROR(IF($X14="","",$D14),"")
A15: =DATE(Assumptions!$B$5,4,1) | B15: =IFERROR(SUMIFS(Ledger!$F$5:$F$124,Ledger!$D$5:$D$124,"Income",Ledger!$H$5:$H$124,"<>Void",Ledger!$A$5:$A$124,">="&$A15,Ledger!$A$5:$A$124,"<"&DATE(YEAR($A15),MONTH($A15)+1,1)),0) | C15: =IFERROR(SUMIFS(Ledger!$F$5:$F$124,Ledger!$D$5:$D$124,"Expense",Ledger!$H$5:$H$124,"<>Void",Ledger!$A$5:$A$124,">="&$A15,Ledger!$A$5:$A$124,"<"&DATE(YEAR($A15),MONTH($A15)+1,1)),0) | D15: =IFERROR(B15-C15,0) | F15: =Assumptions!$G$17 | G15: =Assumptions!$H$17 | H15: =IFERROR(SUMIFS(Ledger!$F$5:$F$124,Ledger!$E$5:$E$124,$F15,Ledger!$H$5:$H$124,"<>Void",Ledger!$A$5:$A$124,">="&DATE(Assumptions!$B$5,1,1),Ledger!$A$5:$A$124,"<"&DATE(Assumptions!$B$5+1,1,1)),0) | I15: =IFERROR(COUNTIFS(Ledger!$E$5:$E$124,$F15,Ledger!$H$5:$H$124,"<>Void",Ledger!$A$5:$A$124,">="&DATE(Assumptions!$B$5,1,1),Ledger!$A$5:$A$124,"<"&DATE(Assumptions!$B$5+1,1,1)),0) | X15: =IFERROR(IF(COUNTIFS(Ledger!$A$5:$A$124,">="&$A15,Ledger!$A$5:$A$124,"<"&DATE(Assumptions!$B$5+1,1,1))>0,$A15,""),"") | Y15: =IFERROR(IF($X15="","",$B15),"") | Z15: =IFERROR(IF($X15="","",$C15),"") | AA15: =IFERROR(IF($X15="","",$D15),"")
A16: =DATE(Assumptions!$B$5,5,1) | B16: =IFERROR(SUMIFS(Ledger!$F$5:$F$124,Ledger!$D$5:$D$124,"Income",Ledger!$H$5:$H$124,"<>Void",Ledger!$A$5:$A$124,">="&$A16,Ledger!$A$5:$A$124,"<"&DATE(YEAR($A16),MONTH($A16)+1,1)),0) | C16: =IFERROR(SUMIFS(Ledger!$F$5:$F$124,Ledger!$D$5:$D$124,"Expense",Ledger!$H$5:$H$124,"<>Void",Ledger!$A$5:$A$124,">="&$A16,Ledger!$A$5:$A$124,"<"&DATE(YEAR($A16),MONTH($A16)+1,1)),0) | D16: =IFERROR(B16-C16,0) | F16: =Assumptions!$G$18 | G16: =Assumptions!$H$18 | H16: =IFERROR(SUMIFS(Ledger!$F$5:$F$124,Ledger!$E$5:$E$124,$F16,Ledger!$H$5:$H$124,"<>Void",Ledger!$A$5:$A$124,">="&DATE(Assumptions!$B$5,1,1),Ledger!$A$5:$A$124,"<"&DATE(Assumptions!$B$5+1,1,1)),0) | I16: =IFERROR(COUNTIFS(Ledger!$E$5:$E$124,$F16,Ledger!$H$5:$H$124,"<>Void",Ledger!$A$5:$A$124,">="&DATE(Assumptions!$B$5,1,1),Ledger!$A$5:$A$124,"<"&DATE(Assumptions!$B$5+1,1,1)),0) | X16: =IFERROR(IF(COUNTIFS(Ledger!$A$5:$A$124,">="&$A16,Ledger!$A$5:$A$124,"<"&DATE(Assumptions!$B$5+1,1,1))>0,$A16,""),"") | Y16: =IFERROR(IF($X16="","",$B16),"") | Z16: =IFERROR(IF($X16="","",$C16),"") | AA16: =IFERROR(IF($X16="","",$D16),"")
A17: =DATE(Assumptions!$B$5,6,1) | B17: =IFERROR(SUMIFS(Ledger!$F$5:$F$124,Ledger!$D$5:$D$124,"Income",Ledger!$H$5:$H$124,"<>Void",Ledger!$A$5:$A$124,">="&$A17,Ledger!$A$5:$A$124,"<"&DATE(YEAR($A17),MONTH($A17)+1,1)),0) | C17: =IFERROR(SUMIFS(Ledger!$F$5:$F$124,Ledger!$D$5:$D$124,"Expense",Ledger!$H$5:$H$124,"<>Void",Ledger!$A$5:$A$124,">="&$A17,Ledger!$A$5:$A$124,"<"&DATE(YEAR($A17),MONTH($A17)+1,1)),0) | D17: =IFERROR(B17-C17,0) | F17: =Assumptions!$G$19 | G17: =Assumptions!$H$19 | H17: =IFERROR(SUMIFS(Ledger!$F$5:$F$124,Ledger!$E$5:$E$124,$F17,Ledger!$H$5:$H$124,"<>Void",Ledger!$A$5:$A$124,">="&DATE(Assumptions!$B$5,1,1),Ledger!$A$5:$A$124,"<"&DATE(Assumptions!$B$5+1,1,1)),0) | I17: =IFERROR(COUNTIFS(Ledger!$E$5:$E$124,$F17,Ledger!$H$5:$H$124,"<>Void",Ledger!$A$5:$A$124,">="&DATE(Assumptions!$B$5,1,1),Ledger!$A$5:$A$124,"<"&DATE(Assumptions!$B$5+1,1,1)),0) | X17: =IFERROR(IF(COUNTIFS(Ledger!$A$5:$A$124,">="&$A17,Ledger!$A$5:$A$124,"<"&DATE(Assumptions!$B$5+1,1,1))>0,$A17,""),"") | Y17: =IFERROR(IF($X17="","",$B17),"") | Z17: =IFERROR(IF($X17="","",$C17),"") | AA17: =IFERROR(IF($X17="","",$D17),"")
A18: =DATE(Assumptions!$B$5,7,1) | B18: =IFERROR(SUMIFS(Ledger!$F$5:$F$124,Ledger!$D$5:$D$124,"Income",Ledger!$H$5:$H$124,"<>Void",Ledger!$A$5:$A$124,">="&$A18,Ledger!$A$5:$A$124,"<"&DATE(YEAR($A18),MONTH($A18)+1,1)),0) | C18: =IFERROR(SUMIFS(Ledger!$F$5:$F$124,Ledger!$D$5:$D$124,"Expense",Ledger!$H$5:$H$124,"<>Void",Ledger!$A$5:$A$124,">="&$A18,Ledger!$A$5:$A$124,"<"&DATE(YEAR($A18),MONTH($A18)+1,1)),0) | D18: =IFERROR(B18-C18,0) | F18: =Assumptions!$G$20 | G18: =Assumptions!$H$20 | H18: =IFERROR(SUMIFS(Ledger!$F$5:$F$124,Ledger!$E$5:$E$124,$F18,Ledger!$H$5:$H$124,"<>Void",Ledger!$A$5:$A$124,">="&DATE(Assumptions!$B$5,1,1),Ledger!$A$5:$A$124,"<"&DATE(Assumptions!$B$5+1,1,1)),0) | I18: =IFERROR(COUNTIFS(Ledger!$E$5:$E$124,$F18,Ledger!$H$5:$H$124,"<>Void",Ledger!$A$5:$A$124,">="&DATE(Assumptions!$B$5,1,1),Ledger!$A$5:$A$124,"<"&DATE(Assumptions!$B$5+1,1,1)),0) | X18: =IFERROR(IF(COUNTIFS(Ledger!$A$5:$A$124,">="&$A18,Ledger!$A$5:$A$124,"<"&DATE(Assumptions!$B$5+1,1,1))>0,$A18,""),"") | Y18: =IFERROR(IF($X18="","",$B18),"") | Z18: =IFERROR(IF($X18="","",$C18),"") | AA18: =IFERROR(IF($X18="","",$D18),"")
A19: =DATE(Assumptions!$B$5,8,1) | B19: =IFERROR(SUMIFS(Ledger!$F$5:$F$124,Ledger!$D$5:$D$124,"Income",Ledger!$H$5:$H$124,"<>Void",Ledger!$A$5:$A$124,">="&$A19,Ledger!$A$5:$A$124,"<"&DATE(YEAR($A19),MONTH($A19)+1,1)),0) | C19: =IFERROR(SUMIFS(Ledger!$F$5:$F$124,Ledger!$D$5:$D$124,"Expense",Ledger!$H$5:$H$124,"<>Void",Ledger!$A$5:$A$124,">="&$A19,Ledger!$A$5:$A$124,"<"&DATE(YEAR($A19),MONTH($A19)+1,1)),0) | D19: =IFERROR(B19-C19,0) | F19: =Assumptions!$G$21 | G19: =Assumptions!$H$21 | H19: =IFERROR(SUMIFS(Ledger!$F$5:$F$124,Ledger!$E$5:$E$124,$F19,Ledger!$H$5:$H$124,"<>Void",Ledger!$A$5:$A$124,">="&DATE(Assumptions!$B$5,1,1),Ledger!$A$5:$A$124,"<"&DATE(Assumptions!$B$5+1,1,1)),0) | I19: =IFERROR(COUNTIFS(Ledger!$E$5:$E$124,$F19,Ledger!$H$5:$H$124,"<>Void",Ledger!$A$5:$A$124,">="&DATE(Assumptions!$B$5,1,1),Ledger!$A$5:$A$124,"<"&DATE(Assumptions!$B$5+1,1,1)),0) | X19: =IFERROR(IF(COUNTIFS(Ledger!$A$5:$A$124,">="&$A19,Ledger!$A$5:$A$124,"<"&DATE(Assumptions!$B$5+1,1,1))>0,$A19,""),"") | Y19: =IFERROR(IF($X19="","",$B19),"") | Z19: =IFERROR(IF($X19="","",$C19),"") | AA19: =IFERROR(IF($X19="","",$D19),"")
A20: =DATE(Assumptions!$B$5,9,1) | B20: =IFERROR(SUMIFS(Ledger!$F$5:$F$124,Ledger!$D$5:$D$124,"Income",Ledger!$H$5:$H$124,"<>Void",Ledger!$A$5:$A$124,">="&$A20,Ledger!$A$5:$A$124,"<"&DATE(YEAR($A20),MONTH($A20)+1,1)),0) | C20: =IFERROR(SUMIFS(Ledger!$F$5:$F$124,Ledger!$D$5:$D$124,"Expense",Ledger!$H$5:$H$124,"<>Void",Ledger!$A$5:$A$124,">="&$A20,Ledger!$A$5:$A$124,"<"&DATE(YEAR($A20),MONTH($A20)+1,1)),0) | D20: =IFERROR(B20-C20,0) | F20: =Assumptions!$G$22 | G20: =Assumptions!$H$22 | H20: =IFERROR(SUMIFS(Ledger!$F$5:$F$124,Ledger!$E$5:$E$124,$F20,Ledger!$H$5:$H$124,"<>Void",Ledger!$A$5:$A$124,">="&DATE(Assumptions!$B$5,1,1),Ledger!$A$5:$A$124,"<"&DATE(Assumptions!$B$5+1,1,1)),0) | I20: =IFERROR(COUNTIFS(Ledger!$E$5:$E$124,$F20,Ledger!$H$5:$H$124,"<>Void",Ledger!$A$5:$A$124,">="&DATE(Assumptions!$B$5,1,1),Ledger!$A$5:$A$124,"<"&DATE(Assumptions!$B$5+1,1,1)),0) | X20: =IFERROR(IF(COUNTIFS(Ledger!$A$5:$A$124,">="&$A20,Ledger!$A$5:$A$124,"<"&DATE(Assumptions!$B$5+1,1,1))>0,$A20,""),"") | Y20: =IFERROR(IF($X20="","",$B20),"") | Z20: =IFERROR(IF($X20="","",$C20),"") | AA20: =IFERROR(IF($X20="","",$D20),"")
A21: =DATE(Assumptions!$B$5,10,1) | B21: =IFERROR(SUMIFS(Ledger!$F$5:$F$124,Ledger!$D$5:$D$124,"Income",Ledger!$H$5:$H$124,"<>Void",Ledger!$A$5:$A$124,">="&$A21,Ledger!$A$5:$A$124,"<"&DATE(YEAR($A21),MONTH($A21)+1,1)),0) | C21: =IFERROR(SUMIFS(Ledger!$F$5:$F$124,Ledger!$D$5:$D$124,"Expense",Ledger!$H$5:$H$124,"<>Void",Ledger!$A$5:$A$124,">="&$A21,Ledger!$A$5:$A$124,"<"&DATE(YEAR($A21),MONTH($A21)+1,1)),0) | D21: =IFERROR(B21-C21,0) | F21: =Assumptions!$G$23 | G21: =Assumptions!$H$23 | H21: =IFERROR(SUMIFS(Ledger!$F$5:$F$124,Ledger!$E$5:$E$124,$F21,Ledger!$H$5:$H$124,"<>Void",Ledger!$A$5:$A$124,">="&DATE(Assumptions!$B$5,1,1),Ledger!$A$5:$A$124,"<"&DATE(Assumptions!$B$5+1,1,1)),0) | I21: =IFERROR(COUNTIFS(Ledger!$E$5:$E$124,$F21,Ledger!$H$5:$H$124,"<>Void",Ledger!$A$5:$A$124,">="&DATE(Assumptions!$B$5,1,1),Ledger!$A$5:$A$124,"<"&DATE(Assumptions!$B$5+1,1,1)),0) | X21: =IFERROR(IF(COUNTIFS(Ledger!$A$5:$A$124,">="&$A21,Ledger!$A$5:$A$124,"<"&DATE(Assumptions!$B$5+1,1,1))>0,$A21,""),"") | Y21: =IFERROR(IF($X21="","",$B21),"") | Z21: =IFERROR(IF($X21="","",$C21),"") | AA21: =IFERROR(IF($X21="","",$D21),"")
A22: =DATE(Assumptions!$B$5,11,1) | B22: =IFERROR(SUMIFS(Ledger!$F$5:$F$124,Ledger!$D$5:$D$124,"Income",Ledger!$H$5:$H$124,"<>Void",Ledger!$A$5:$A$124,">="&$A22,Ledger!$A$5:$A$124,"<"&DATE(YEAR($A22),MONTH($A22)+1,1)),0) | C22: =IFERROR(SUMIFS(Ledger!$F$5:$F$124,Ledger!$D$5:$D$124,"Expense",Ledger!$H$5:$H$124,"<>Void",Ledger!$A$5:$A$124,">="&$A22,Ledger!$A$5:$A$124,"<"&DATE(YEAR($A22),MONTH($A22)+1,1)),0) | D22: =IFERROR(B22-C22,0) | F22: =Assumptions!$G$24 | G22: =Assumptions!$H$24 | H22: =IFERROR(SUMIFS(Ledger!$F$5:$F$124,Ledger!$E$5:$E$124,$F22,Ledger!$H$5:$H$124,"<>Void",Ledger!$A$5:$A$124,">="&DATE(Assumptions!$B$5,1,1),Ledger!$A$5:$A$124,"<"&DATE(Assumptions!$B$5+1,1,1)),0) | I22: =IFERROR(COUNTIFS(Ledger!$E$5:$E$124,$F22,Ledger!$H$5:$H$124,"<>Void",Ledger!$A$5:$A$124,">="&DATE(Assumptions!$B$5,1,1),Ledger!$A$5:$A$124,"<"&DATE(Assumptions!$B$5+1,1,1)),0) | X22: =IFERROR(IF(COUNTIFS(Ledger!$A$5:$A$124,">="&$A22,Ledger!$A$5:$A$124,"<"&DATE(Assumptions!$B$5+1,1,1))>0,$A22,""),"") | Y22: =IFERROR(IF($X22="","",$B22),"") | Z22: =IFERROR(IF($X22="","",$C22),"") | AA22: =IFERROR(IF($X22="","",$D22),"")
A23: =DATE(Assumptions!$B$5,12,1) | B23: =IFERROR(SUMIFS(Ledger!$F$5:$F$124,Ledger!$D$5:$D$124,"Income",Ledger!$H$5:$H$124,"<>Void",Ledger!$A$5:$A$124,">="&$A23,Ledger!$A$5:$A$124,"<"&DATE(YEAR($A23),MONTH($A23)+1,1)),0) | C23: =IFERROR(SUMIFS(Ledger!$F$5:$F$124,Ledger!$D$5:$D$124,"Expense",Ledger!$H$5:$H$124,"<>Void",Ledger!$A$5:$A$124,">="&$A23,Ledger!$A$5:$A$124,"<"&DATE(YEAR($A23),MONTH($A23)+1,1)),0) | D23: =IFERROR(B23-C23,0) | F23: =Assumptions!$G$25 | G23: =Assumptions!$H$25 | H23: =IFERROR(SUMIFS(Ledger!$F$5:$F$124,Ledger!$E$5:$E$124,$F23,Ledger!$H$5:$H$124,"<>Void",Ledger!$A$5:$A$124,">="&DATE(Assumptions!$B$5,1,1),Ledger!$A$5:$A$124,"<"&DATE(Assumptions!$B$5+1,1,1)),0) | I23: =IFERROR(COUNTIFS(Ledger!$E$5:$E$124,$F23,Ledger!$H$5:$H$124,"<>Void",Ledger!$A$5:$A$124,">="&DATE(Assumptions!$B$5,1,1),Ledger!$A$5:$A$124,"<"&DATE(Assumptions!$B$5+1,1,1)),0) | X23: =IFERROR(IF(COUNTIFS(Ledger!$A$5:$A$124,">="&$A23,Ledger!$A$5:$A$124,"<"&DATE(Assumptions!$B$5+1,1,1))>0,$A23,""),"") | Y23: =IFERROR(IF($X23="","",$B23),"") | Z23: =IFERROR(IF($X23="","",$C23),"") | AA23: =IFERROR(IF($X23="","",$D23),"")
F24: =Assumptions!$G$26 | G24: =Assumptions!$H$26 | H24: =IFERROR(SUMIFS(Ledger!$F$5:$F$124,Ledger!$E$5:$E$124,$F24,Ledger!$H$5:$H$124,"<>Void",Ledger!$A$5:$A$124,">="&DATE(Assumptions!$B$5,1,1),Ledger!$A$5:$A$124,"<"&DATE(Assumptions!$B$5+1,1,1)),0) | I24: =IFERROR(COUNTIFS(Ledger!$E$5:$E$124,$F24,Ledger!$H$5:$H$124,"<>Void",Ledger!$A$5:$A$124,">="&DATE(Assumptions!$B$5,1,1),Ledger!$A$5:$A$124,"<"&DATE(Assumptions!$B$5+1,1,1)),0)
F25: =Assumptions!$G$27 | G25: =Assumptions!$H$27 | H25: =IFERROR(SUMIFS(Ledger!$F$5:$F$124,Ledger!$E$5:$E$124,$F25,Ledger!$H$5:$H$124,"<>Void",Ledger!$A$5:$A$124,">="&DATE(Assumptions!$B$5,1,1),Ledger!$A$5:$A$124,"<"&DATE(Assumptions!$B$5+1,1,1)),0) | I25: =IFERROR(COUNTIFS(Ledger!$E$5:$E$124,$F25,Ledger!$H$5:$H$124,"<>Void",Ledger!$A$5:$A$124,">="&DATE(Assumptions!$B$5,1,1),Ledger!$A$5:$A$124,"<"&DATE(Assumptions!$B$5+1,1,1)),0)

Sheet Ledger
A1: Income and Expense Ledger
A2: Enter positive amounts. Net Amount assigns the sign from Entry Type.
A3: Yellow cells are editable. Review messages request human follow-up only.
A4: Period | B4: Facility | C4: Unit / Area | D4: Entry Type | E4: Account | F4: Amount | G4: Record Owner | H4: Status | I4: Due Date | J4: Net Amount | K4: Review | L4: Notes
A5: 46023 | B5: Fictional Cedar Hollow Storage | C5: Fictional multi-unit batch | D5: Income | E5: Rental Income | F5: 12750 | G5: Fictional Avery Cole | H5: Paid | I5: 46027 | J5: =IF($A5="","",IFERROR(IF($D5="Income",$F5,IF($D5="Expense",-$F5,"")),"")) | K5: =IF($A5="","",IF(OR($B5="",$D5="",$E5="",$F5="",$G5="",$H5="",$I5=""),"Complete required fields",IFERROR(IF(VLOOKUP($E5,Assumptions!$G$14:$H$27,2,FALSE)<>$D5,"Check type/account",IF($F5>=Assumptions!$B$7,"Review large amount",IF(AND($H5<>"Paid",$H5<>"Void",$I5<Assumptions!$B$4),"Review overdue",IF(AND($H5<>"Paid",$H5<>"Void",$I5>=Assumptions!$B$4,$I5<=Assumptions!$B$4+Assumptions!$B$6),"Due soon","")))),"Check account"))) | L5: Fictional January rental batch.
A6: 46023 | B6: Fictional Cedar Hollow Storage | C6: Fictional facility-wide | D6: Expense | E6: Utilities | F6: 1240 | G6: Fictional Jordan Pike | H6: Paid | I6: 46040 | J6: =IF($A6="","",IFERROR(IF($D6="Income",$F6,IF($D6="Expense",-$F6,"")),"")) | K6: =IF($A6="","",IF(OR($B6="",$D6="",$E6="",$F6="",$G6="",$H6="",$I6=""),"Complete required fields",IFERROR(IF(VLOOKUP($E6,Assumptions!$G$14:$H$27,2,FALSE)<>$D6,"Check type/account",IF($F6>=Assumptions!$B$7,"Review large amount",IF(AND($H6<>"Paid",$H6<>"Void",$I6<Assumptions!$B$4),"Review overdue",IF(AND($H6<>"Paid",$H6<>"Void",$I6>=Assumptions!$B$4,$I6<=Assumptions!$B$4+Assumptions!$B$6),"Due soon","")))),"Check account"))) | L6: Fictional January utility record.
A7: 46054 | B7: Fictional Bluebird Junction Storage | C7: Fictional multi-unit batch | D7: Income | E7: Rental Income | F7: 13100 | G7: Fictional Morgan Vale | H7: Paid | I7: 46058 | J7: =IF($A7="","",IFERROR(IF($D7="Income",$F7,IF($D7="Expense",-$F7,"")),"")) | K7: =IF($A7="","",IF(OR($B7="",$D7="",$E7="",$F7="",$G7="",$H7="",$I7=""),"Complete required fields",IFERROR(IF(VLOOKUP($E7,Assumptions!$G$14:$H$27,2,FALSE)<>$D7,"Check type/account",IF($F7>=Assumptions!$B$7,"Review large amount",IF(AND($H7<>"Paid",$H7<>"Void",$I7<Assumptions!$B$4),"Review overdue",IF(AND($H7<>"Paid",$H7<>"Void",$I7>=Assumptions!$B$4,$I7<=Assumptions!$B$4+Assumptions!$B$6),"Due soon","")))),"Check account"))) | L7: Fictional February rental batch.
A8: 46054 | B8: Fictional Bluebird Junction Storage | C8: Fictional building B | D8: Expense | E8: Repairs & Maintenance | F8: 2680 | G8: Fictional Avery Cole | H8: Paid | I8: 46075 | J8: =IF($A8="","",IFERROR(IF($D8="Income",$F8,IF($D8="Expense",-$F8,"")),"")) | K8: =IF($A8="","",IF(OR($B8="",$D8="",$E8="",$F8="",$G8="",$H8="",$I8=""),"Complete required fields",IFERROR(IF(VLOOKUP($E8,Assumptions!$G$14:$H$27,2,FALSE)<>$D8,"Check type/account",IF($F8>=Assumptions!$B$7,"Review large amount",IF(AND($H8<>"Paid",$H8<>"Void",$I8<Assumptions!$B$4),"Review overdue",IF(AND($H8<>"Paid",$H8<>"Void",$I8>=Assumptions!$B$4,$I8<=Assumptions!$B$4+Assumptions!$B$6),"Due soon","")))),"Check account"))) | L8: Fictional roll-up door repair record.
A9: 46082 | B9: Fictional Copper Lantern Storage | C9: Fictional office | D9: Income | E9: Retail Sales Income | F9: 420 | G9: Fictional Jordan Pike | H9: Paid | I9: 46112 | J9: =IF($A9="","",IFERROR(IF($D9="Income",$F9,IF($D9="Expense",-$F9,"")),"")) | K9: =IF($A9="","",IF(OR($B9="",$D9="",$E9="",$F9="",$G9="",$H9="",$I9=""),"Complete required fields",IFERROR(IF(VLOOKUP($E9,Assumptions!$G$14:$H$27,2,FALSE)<>$D9,"Check type/account",IF($F9>=Assumptions!$B$7,"Review large amount",IF(AND($H9<>"Paid",$H9<>"Void",$I9<Assumptions!$B$4),"Review overdue",IF(AND($H9<>"Paid",$H9<>"Void",$I9>=Assumptions!$B$4,$I9<=Assumptions!$B$4+Assumptions!$B$6),"Due soon","")))),"Check account"))) | L9: Fictional retail sales total.
A10: 46113 | B10: Fictional Cedar Hollow Storage | C10: Fictional facility-wide | D10: Expense | E10: Payroll | F10: 6200 | G10: Fictional Morgan Vale | H10: Paid | I10: 46127 | J10: =IF($A10="","",IFERROR(IF($D10="Income",$F10,IF($D10="Expense",-$F10,"")),"")) | K10: =IF($A10="","",IF(OR($B10="",$D10="",$E10="",$F10="",$G10="",$H10="",$I10=""),"Complete required fields",IFERROR(IF(VLOOKUP($E10,Assumptions!$G$14:$H$27,2,FALSE)<>$D10,"Check type/account",IF($F10>=Assumptions!$B$7,"Review large amount",IF(AND($H10<>"Paid",$H10<>"Void",$I10<Assumptions!$B$4),"Review overdue",IF(AND($H10<>"Paid",$H10<>"Void",$I10>=Assumptions!$B$4,$I10<=Assumptions!$B$4+Assumptions!$B$6),"Due soon","")))),"Check account"))) | L10: Fictional payroll summary for review.
A11: 46143 | B11: Fictional Bluebird Junction Storage | C11: Fictional leasing office | D11: Expense | E11: Marketing | F11: 975 | G11: Fictional Avery Cole | H11: Paid | I11: 46162 | J11: =IF($A11="","",IFERROR(IF($D11="Income",$F11,IF($D11="Expense",-$F11,"")),"")) | K11: =IF($A11="","",IF(OR($B11="",$D11="",$E11="",$F11="",$G11="",$H11="",$I11=""),"Complete required fields",IFERROR(IF(VLOOKUP($E11,Assumptions!$G$14:$H$27,2,FALSE)<>$D11,"Check type/account",IF($F11>=Assumptions!$B$7,"Review large amount",IF(AND($H11<>"Paid",$H11<>"Void",$I11<Assumptions!$B$4),"Review overdue",IF(AND($H11<>"Paid",$H11<>"Void",$I11>=Assumptions!$B$4,$I11<=Assumptions!$B$4+Assumptions!$B$6),"Due soon","")))),"Check account"))) | L11: Fictional local advertising record.
A12: 46174 | B12: Fictional Copper Lantern Storage | C12: Fictional facility-wide | D12: Expense | E12: Property Insurance | F12: 5000 | G12: Fictional Jordan Pike | H12: Paid | I12: 46198 | J12: =IF($A12="","",IFERROR(IF($D12="Income",$F12,IF($D12="Expense",-$F12,"")),"")) | K12: =IF($A12="","",IF(OR($B12="",$D12="",$E12="",$F12="",$G12="",$H12="",$I12=""),"Complete required fields",IFERROR(IF(VLOOKUP($E12,Assumptions!$G$14:$H$27,2,FALSE)<>$D12,"Check type/account",IF($F12>=Assumptions!$B$7,"Review large amount",IF(AND($H12<>"Paid",$H12<>"Void",$I12<Assumptions!$B$4),"Review overdue",IF(AND($H12<>"Paid",$H12<>"Void",$I12>=Assumptions!$B$4,$I12<=Assumptions!$B$4+Assumptions!$B$6),"Due soon","")))),"Check account"))) | L12: Fictional policy expense at the review boundary.
A13: 46235 | B13: Fictional Cedar Hollow Storage | C13: Fictional gate area | D13: Expense | E13: Security & Gate Service | F13: 1850 | G13: Fictional Morgan Vale | H13: Open | I13: 46273 | J13: =IF($A13="","",IFERROR(IF($D13="Income",$F13,IF($D13="Expense",-$F13,"")),"")) | K13: =IF($A13="","",IF(OR($B13="",$D13="",$E13="",$F13="",$G13="",$H13="",$I13=""),"Complete required fields",IFERROR(IF(VLOOKUP($E13,Assumptions!$G$14:$H$27,2,FALSE)<>$D13,"Check type/account",IF($F13>=Assumptions!$B$7,"Review large amount",IF(AND($H13<>"Paid",$H13<>"Void",$I13<Assumptions!$B$4),"Review overdue",IF(AND($H13<>"Paid",$H13<>"Void",$I13>=Assumptions!$B$4,$I13<=Assumptions!$B$4+Assumptions!$B$6),"Due soon","")))),"Check account"))) | L13: Fictional service record awaiting human review.
A14: 46266 | B14: Fictional Bluebird Junction Storage | C14: Fictional multi-unit batch | D14: Income | E14: Admin Fee Income | F14: 640 | G14: Fictional Avery Cole | H14: Open | I14: 46280 | J14: =IF($A14="","",IFERROR(IF($D14="Income",$F14,IF($D14="Expense",-$F14,"")),"")) | K14: =IF($A14="","",IF(OR($B14="",$D14="",$E14="",$F14="",$G14="",$H14="",$I14=""),"Complete required fields",IFERROR(IF(VLOOKUP($E14,Assumptions!$G$14:$H$27,2,FALSE)<>$D14,"Check type/account",IF($F14>=Assumptions!$B$7,"Review large amount",IF(AND($H14<>"Paid",$H14<>"Void",$I14<Assumptions!$B$4),"Review overdue",IF(AND($H14<>"Paid",$H14<>"Void",$I14>=Assumptions!$B$4,$I14<=Assumptions!$B$4+Assumptions!$B$6),"Due soon","")))),"Check account"))) | L14: Fictional fee batch approaching its due date.
J15: =IF($A15="","",IFERROR(IF($D15="Income",$F15,IF($D15="Expense",-$F15,"")),"")) | K15: =IF($A15="","",IF(OR($B15="",$D15="",$E15="",$F15="",$G15="",$H15="",$I15=""),"Complete required fields",IFERROR(IF(VLOOKUP($E15,Assumptions!$G$14:$H$27,2,FALSE)<>$D15,"Check type/account",IF($F15>=Assumptions!$B$7,"Review large amount",IF(AND($H15<>"Paid",$H15<>"Void",$I15<Assumptions!$B$4),"Review overdue",IF(AND($H15<>"Paid",$H15<>"Void",$I15>=Assumptions!$B$4,$I15<=Assumptions!$B$4+Assumptions!$B$6),"Due soon","")))),"Check account")))
J16: =IF($A16="","",IFERROR(IF($D16="Income",$F16,IF($D16="Expense",-$F16,"")),"")) | K16: =IF($A16="","",IF(OR($B16="",$D16="",$E16="",$F16="",$G16="",$H16="",$I16=""),"Complete required fields",IFERROR(IF(VLOOKUP($E16,Assumptions!$G$14:$H$27,2,FALSE)<>$D16,"Check type/account",IF($F16>=Assumptions!$B$7,"Review large amount",IF(AND($H16<>"Paid",$H16<>"Void",$I16<Assumptions!$B$4),"Review overdue",IF(AND($H16<>"Paid",$H16<>"Void",$I16>=Assumptions!$B$4,$I16<=Assumptions!$B$4+Assumptions!$B$6),"Due soon","")))),"Check account")))
J17: =IF($A17="","",IFERROR(IF($D17="Income",$F17,IF($D17="Expense",-$F17,"")),"")) | K17: =IF($A17="","",IF(OR($B17="",$D17="",$E17="",$F17="",$G17="",$H17="",$I17=""),"Complete required fields",IFERROR(IF(VLOOKUP($E17,Assumptions!$G$14:$H$27,2,FALSE)<>$D17,"Check type/account",IF($F17>=Assumptions!$B$7,"Review large amount",IF(AND($H17<>"Paid",$H17<>"Void",$I17<Assumptions!$B$4),"Review overdue",IF(AND($H17<>"Paid",$H17<>"Void",$I17>=Assumptions!$B$4,$I17<=Assumptions!$B$4+Assumptions!$B$6),"Due soon","")))),"Check account")))
J18: =IF($A18="","",IFERROR(IF($D18="Income",$F18,IF($D18="Expense",-$F18,"")),"")) | K18: =IF($A18="","",IF(OR($B18="",$D18="",$E18="",$F18="",$G18="",$H18="",$I18=""),"Complete required fields",IFERROR(IF(VLOOKUP($E18,Assumptions!$G$14:$H$27,2,FALSE)<>$D18,"Check type/account",IF($F18>=Assumptions!$B$7,"Review large amount",IF(AND($H18<>"Paid",$H18<>"Void",$I18<Assumptions!$B$4),"Review overdue",IF(AND($H18<>"Paid",$H18<>"Void",$I18>=Assumptions!$B$4,$I18<=Assumptions!$B$4+Assumptions!$B$6),"Due soon","")))),"Check account")))
J19: =IF($A19="","",IFERROR(IF($D19="Income",$F19,IF($D19="Expense",-$F19,"")),"")) | K19: =IF($A19="","",IF(OR($B19="",$D19="",$E19="",$F19="",$G19="",$H19="",$I19=""),"Complete required fields",IFERROR(IF(VLOOKUP($E19,Assumptions!$G$14:$H$27,2,FALSE)<>$D19,"Check type/account",IF($F19>=Assumptions!$B$7,"Review large amount",IF(AND($H19<>"Paid",$H19<>"Void",$I19<Assumptions!$B$4),"Review overdue",IF(AND($H19<>"Paid",$H19<>"Void",$I19>=Assumptions!$B$4,$I19<=Assumptions!$B$4+Assumptions!$B$6),"Due soon","")))),"Check account")))
J20: =IF($A20="","",IFERROR(IF($D20="Income",$F20,IF($D20="Expense",-$F20,"")),"")) | K20: =IF($A20="","",IF(OR($B20="",$D20="",$E20="",$F20="",$G20="",$H20="",$I20=""),"Complete required fields",IFERROR(IF(VLOOKUP($E20,Assumptions!$G$14:$H$27,2,FALSE)<>$D20,"Check type/account",IF($F20>=Assumptions!$B$7,"Review large amount",IF(AND($H20<>"Paid",$H20<>"Void",$I20<Assumptions!$B$4),"Review overdue",IF(AND($H20<>"Paid",$H20<>"Void",$I20>=Assumptions!$B$4,$I20<=Assumptions!$B$4+Assumptions!$B$6),"Due soon","")))),"Check account")))
J21: =IF($A21="","",IFERROR(IF($D21="Income",$F21,IF($D21="Expense",-$F21,"")),"")) | K21: =IF($A21="","",IF(OR($B21="",$D21="",$E21="",$F21="",$G21="",$H21="",$I21=""),"Complete required fields",IFERROR(IF(VLOOKUP($E21,Assumptions!$G$14:$H$27,2,FALSE)<>$D21,"Check type/account",IF($F21>=Assumptions!$B$7,"Review large amount",IF(AND($H21<>"Paid",$H21<>"Void",$I21<Assumptions!$B$4),"Review overdue",IF(AND($H21<>"Paid",$H21<>"Void",$I21>=Assumptions!$B$4,$I21<=Assumptions!$B$4+Assumptions!$B$6),"Due soon","")))),"Check account")))
J22: =IF($A22="","",IFERROR(IF($D22="Income",$F22,IF($D22="Expense",-$F22,"")),"")) | K22: =IF($A22="","",IF(OR($B22="",$D22="",$E22="",$F22="",$G22="",$H22="",$I22=""),"Complete required fields",IFERROR(IF(VLOOKUP($E22,Assumptions!$G$14:$H$27,2,FALSE)<>$D22,"Check type/account",IF($F22>=Assumptions!$B$7,"Review large amount",IF(AND($H22<>"Paid",$H22<>"Void",$I22<Assumptions!$B$4),"Review overdue",IF(AND($H22<>"Paid",$H22<>"Void",$I22>=Assumptions!$B$4,$I22<=Assumptions!$B$4+Assumptions!$B$6),"Due soon","")))),"Check account")))
J23: =IF($A23="","",IFERROR(IF($D23="Income",$F23,IF($D23="Expense",-$F23,"")),"")) | K23: =IF($A23="","",IF(OR($B23="",$D23="",$E23="",$F23="",$G23="",$H23="",$I23=""),"Complete required fields",IFERROR(IF(VLOOKUP($E23,Assumptions!$G$14:$H$27,2,FALSE)<>$D23,"Check type/account",IF($F23>=Assumptions!$B$7,"Review large amount",IF(AND($H23<>"Paid",$H23<>"Void",$I23<Assumptions!$B$4),"Review overdue",IF(AND($H23<>"Paid",$H23<>"Void",$I23>=Assumptions!$B$4,$I23<=Assumptions!$B$4+Assumptions!$B$6),"Due soon","")))),"Check account")))
J24: =IF($A24="","",IFERROR(IF($D24="Income",$F24,IF($D24="Expense",-$F24,"")),"")) | K24: =IF($A24="","",IF(OR($B24="",$D24="",$E24="",$F24="",$G24="",$H24="",$I24=""),"Complete required fields",IFERROR(IF(VLOOKUP($E24,Assumptions!$G$14:$H$27,2,FALSE)<>$D24,"Check type/account",IF($F24>=Assumptions!$B$7,"Review large amount",IF(AND($H24<>"Paid",$H24<>"Void",$I24<Assumptions!$B$4),"Review overdue",IF(AND($H24<>"Paid",$H24<>"Void",$I24>=Assumptions!$B$4,$I24<=Assumptions!$B$4+Assumptions!$B$6),"Due soon","")))),"Check account")))
J25: =IF($A25="","",IFERROR(IF($D25="Income",$F25,IF($D25="Expense",-$F25,"")),"")) | K25: =IF($A25="","",IF(OR($B25="",$D25="",$E25="",$F25="",$G25="",$H25="",$I25=""),"Complete required fields",IFERROR(IF(VLOOKUP($E25,Assumptions!$G$14:$H$27,2,FALSE)<>$D25,"Check type/account",IF($F25>=Assumptions!$B$7,"Review large amount",IF(AND($H25<>"Paid",$H25<>"Void",$I25<Assumptions!$B$4),"Review overdue",IF(AND($H25<>"Paid",$H25<>"Void",$I25>=Assumptions!$B$4,$I25<=Assumptions!$B$4+Assumptions!$B$6),"Due soon","")))),"Check account")))
J26: =IF($A26="","",IFERROR(IF($D26="Income",$F26,IF($D26="Expense",-$F26,"")),"")) | K26: =IF($A26="","",IF(OR($B26="",$D26="",$E26="",$F26="",$G26="",$H26="",$I26=""),"Complete required fields",IFERROR(IF(VLOOKUP($E26,Assumptions!$G$14:$H$27,2,FALSE)<>$D26,"Check type/account",IF($F26>=Assumptions!$B$7,"Review large amount",IF(AND($H26<>"Paid",$H26<>"Void",$I26<Assumptions!$B$4),"Review overdue",IF(AND($H26<>"Paid",$H26<>"Void",$I26>=Assumptions!$B$4,$I26<=Assumptions!$B$4+Assumptions!$B$6),"Due soon","")))),"Check account")))
... J124: =IF($A124="","",IFERROR(IF($D124="Income",$F124,IF($D124="Expense",-$F124,"")),"")) | K124: =IF($A124="","",IF(OR($B124="",$D124="",$E124="",$F124="",$G124="",$H124="",$I124=""),"Complete required fields",IFERROR(IF(VLOOKUP($E124,Assumptions!$G$14:$H$27,2,FALSE)<>$D124,"Check type/account",IF($F124>=Assumptions!$B$7,"Review large amount",IF(AND($H124<>"Paid",$H124<>"Void",$I124<Assumptions!$B$4),"Review overdue",IF(AND($H124<>"Paid",$H124<>"Void",$I124>=Assumptions!$B$4,$I124<=Assumptions!$B$4+Assumptions!$B$6),"Due soon","")))),"Check account")))

Sheet Assumptions
A1: Assumptions and Editable Lists
A2: Edit yellow cells to match facility records. Warnings are review prompts, not automated actions.
A3: Setting | B3: Value | C3: Purpose
A4: Review As of Date | B4: 46276 | C4: Used only for due-date review messages.
A5: Reporting Year | B5: 2026 | C5: Controls the selected-year Summary indicators.
A6: Due Soon Days | B6: 7 | C6: Flags unsettled items due within this many days.
A7: Large Amount Review | B7: 5000 | C7: Requests human review at or above this amount.
A8: Earliest Allowed Date | B8: 44197 | C8: Lower date limit for Ledger entries.
A9: Latest Allowed Date | B9: 48213 | C9: Upper date limit for Ledger entries.
A10: Minimum Amount | B10: 0.01 | C10: Lower positive amount limit for Ledger entries.
A11: Maximum Amount | B11: 1000000 | C11: Upper amount limit for Ledger entries.
A13: Facilities | C13: Record Owners | E13: Statuses | G13: Accounts | H13: Default Type | J13: Entry Types
A14: Fictional Cedar Hollow Storage | C14: Fictional Avery Cole | E14: Paid | G14: Rental Income | H14: Income | J14: Income
A15: Fictional Bluebird Junction Storage | C15: Fictional Jordan Pike | E15: Open | G15: Admin Fee Income | H15: Income | J15: Expense
A16: Fictional Copper Lantern Storage | C16: Fictional Morgan Vale | E16: Past Due | G16: Retail Sales Income | H16: Income
E17: Scheduled | G17: Other Facility Income | H17: Income
E18: Void | G18: Repairs & Maintenance | H18: Expense
G19: Utilities | H19: Expense
G20: Payroll | H20: Expense
G21: Marketing | H21: Expense
G22: Property Insurance | H22: Expense
G23: Property Tax | H23: Expense
G24: Office & Supplies | H24: Expense
G25: Security & Gate Service | H25: Expense
G26: Waste Removal | H26: Expense
G27: Bank Fees | H27: Expense
A29: Review any warning before relying on a record or changing a classification.
